 Dungeon Crawl Stone Soup version 0.30-a0-808-g6e0788376e (webtiles) character file.

Game seed: 5461710944601381620

179 bmack86 the Trooper (level 5, -6/47 HPs)
             Began as a Minotaur Fighter on Feb 26, 2023.
             Killed from afar by Sigmund (8 damage)
             ... with a puff of flame
             ... on level 4 of the Dungeon.
             The game lasted 00:04:33 (1795 turns).

bmack86 the Trooper (Minotaur Fighter)              Turns: 1795, Time: 00:04:34

Health: -6/47      AC:  7    Str: 23    XL:     5   Next: 33%
Magic:  4/4        EV:  9    Int:  5    God:
Gold:   164        SH:  5    Dex: 15    Spells: 4/4 levels left

rFire   . . .      SeeInvis .    a - +0 war axe
rCold   . . .      Faith    .    c - +0 buckler
rNeg    . . .      Spirit   .    b - +0 scale mail
rPois   .          Reflect  .    (helmet restricted)
rElec   .          Harm     .    (no cloak)
rCorr   .          Rampage  .    (no gloves)
Will    +....                    (no boots) Stlth
                                 (no amulet)
HPRegen 0.27/turn                h - ring of willpower
MPRegen 0.09/turn                s - +6 ring of dexterity

@: lethally poisoned (-6 -> -13)
A: horns 2, retaliatory headbutt
a: no special abilities


You were on level 4 of the Dungeon.
You visited 1 branch of the dungeon, and saw 4 of its levels.

You collected 164 gold pieces.

Inventory:

Hand Weapons
 a - a +0 war axe (weapon)
Missiles
 r - 7 poisoned darts (quivered)
Armour
 b - a +0 scale mail (worn)
 c - a +0 buckler (worn)
Jewellery
 h - a ring of willpower (left hand)
 s - a +6 ring of dexterity (right hand)
Wands
 f - a wand of polymorph (6)
 x - a wand of paralysis (12)
Scrolls
 i - 2 scrolls of amnesia {unknown}
 l - 3 scrolls of poison {unknown}
 m - 3 scrolls of teleportation {unknown}
 p - a scroll of silence {unknown}
 t - a scroll of summoning {unknown}
Potions
 d - a potion of might
 e - a potion of flight
 g - 4 potions of mutation
 j - 2 potions of haste
 k - a potion of brilliance
 n - a potion of curing {unknown}
 o - a potion of magic {unknown}
 q - a potion of degeneration {unknown}
 u - 2 potions of lignification
 v - a potion of resistance {unknown}
 w - a potion of invisibility {unknown}


   Skills:
 + Level 4.7 Fighting
 * Level 4.6 Axes
 + Level 4.5 Armour
 + Level 4.6 Shields


You had 4 spell levels left.
You didn't know any spells.
Your spell library contained the following spells:

 Spells                   Type           Power      Damage    Failure   Level
 Cigotuvi's Dreadful Rot  Necr/Pois/Air  0%         N/A       95%         2
 Call Canine Familiar     Summ           0%         N/A       99%         3
 Portal Projectile        Hex/Tloc       0%         N/A       99%         3
 Dispel Undead            Necr           0%         3d6       100%        4
 Leda's Liquefaction      Hex/Erth       0%         N/A       100%        4
 Death Channel            Necr           0%         N/A       100%        6


Dungeon Overview and Level Annotations

Branches:
Dungeon (4/15)
 Temple: D:4-7

Altars:

Annotations:
D:4 Sigmund


Innate Abilities, Weirdness & Mutations

You have a pair of horns on your head.
You reflexively headbutt those who attack you in melee.


Message History

The orc is unaffected.
Sigmund is unaffected.
The grasping roots constrict you.
You closely miss Sigmund. Your headbutt misses Sigmund.
Sigmund is moderately wounded.
You slash the orc!
You kill the orc!
You block Sigmund's attack. The grasping roots constrict you.
The scorpion stings you but does no damage.
You completely miss Sigmund.
Sigmund is moderately wounded.
You closely miss the scorpion. Sigmund hits you but does no damage.
The grasping roots constrict you. The scorpion stings you.
The grasping roots release their grip on you.
You closely miss Sigmund. Your headbutt misses Sigmund.
Sigmund is moderately wounded.
You hit the scorpion but do no damage. You block the scorpion's attack.
Sigmund hits you with a +0 scythe! The scorpion closely misses you.
You slash Sigmund!
Sigmund is heavily wounded.
You closely miss the scorpion. The scorpion stings you.
Sigmund barely misses you.
You closely miss Sigmund. You headbutt Sigmund!
Sigmund is almost dead.
You hit the scorpion. The scorpion stings you.
* * * LOW HITPOINT WARNING * * *
You are poisoned.
The scorpion poisons you! The scorpion stings you.
* * * LOW HITPOINT WARNING * * *
Sigmund zaps a wand.
The roots erupt in riotous growth!
The grasping roots grab you!
The scorpion is unaffected.
Sigmund is unaffected.
The grasping roots constrict you.
* * * LOW HITPOINT WARNING * * *
You hear a shout!
You escape the roots grasp.
* * * LOW HITPOINT WARNING * * *
You feel very sick. You block the scorpion's attack.
Sigmund casts a spell at you. The puff of flame hits you!
You die...

## .## ..#
#.####@.##...
#...)@s......
###..)..#....
#...### .
##... ####


You could see Sigmund and a scorpion.

Vanquished Creatures
  Jessica (D:2)
  2 orc wizards
  3 adders (D:2)
  4 dart slugs
  6 orcs
  5 endoplasms
  4 giant cockroaches
  5 goblins (D:2)
  A hobgoblin (D:2)
  3 jackals (D:1)
  10 kobolds
  4 quokkas
  2 ball pythons
  3 bats
  4 frilled lizards
  3 rats
60 creatures vanquished.

Vanquished Creatures (others)
  8 plants (D:1)
8 creatures vanquished.

Grand Total: 68 creatures vanquished

Notes
Turn   | Place    | Note
-------+----------+-------------------------------------------
     0 | D:1      | bmack86 the Minotaur Fighter began the quest for the Orb.
     0 | D:1      | Reached XP level 1. HP: 19/19 MP: 0/0
    88 | D:1      | Reached XP level 2. HP: 27/27 MP: 1/1
   277 | D:1      | Found a faded altar of an unknown god.
   311 | D:1      | Reached XP level 3. HP: 25/33 MP: 2/2
   636 | D:2      | Noticed Jessica
   638 | D:2      | Killed Jessica
   697 | D:2      | You fall into a shaft and drop 1 floor!
   726 | D:2      | Reached XP level 4. HP: 38/40 MP: 3/3
  1295 | D:3      | Reached XP level 5. HP: 32/47 MP: 4/4
  1788 | D:4      | Noticed Sigmund
  1795 | D:4      | HP: 2/47 [poisoned by a scorpion]
  1795 | D:4      | Killed from afar by Sigmund

Illustrated notes

Levels and vault maps discovered:
D:1:      minmay_arrival_stair_chambers, layout_rooms,
          shapermc_ecumenical_altar_pompeii, lexackson_kobold_supper
D:2:      layout_rooms, minmay_goblin_kobold_house, uniq_jessica
D:3:      layout_loops_ring
D:4:      minmay_opposing_rooms, layout_basic, minmay_temple_entry_grid,
          uniq_sigmund

Skill      XL: |  1  2  3  4 |
---------------+-------------+-----
Axes           | 3 4 |  4.6
Fighting       | 4 |  4.7
Shields        | 4 |  4.6
Armour         | 4 |  4.5

Action                     |  1- 3 |  4- 6 || total
---------------------------+-------+-------++-------
  Melee: War axe           |    85 |    47 ||   132
         Headbutt          |    17 |    11 ||    28
    Use: Scroll            |     3 |     2 ||     5
 Armour: Scale mail        |    49 |    23 ||    72
  Dodge: Dodged            |    51 |    22 ||    73
  Block: Buckler           |    22 |    18 ||    40

Table legend: (Time is in decaauts)
 A = Elapsed time spent in this place.
 B = Non-inter-level travel time spent in this place.
 C = Inter-level travel time spent in this place.
 D = Time resting spent in this place.
 E = Time spent auto-exploring this place.
 F = Levels seen in this place.
 G = Mean time per level.
                   A        B        C        D        E       F      G
               +--------+--------+--------+--------+--------+-----+--------+
         Total |   1842 |   1757 |     85 |      0 |   1160 |   4 |  460.5 |
       Dungeon |   1842 |   1757 |     85 |      0 |   1160 |   4 |  460.5 |
               +--------+--------+--------+--------+--------+-----+--------+

Top non-repeatable levels by time:
     D:1: 665 daAuts
     D:3: 626 daAuts
     D:2: 538 daAuts
     D:4: 12 daAuts
